[Event "FRA-chT Top 12 2019"]
[Site "Brest"]
[Date "2019.05.25"]
[Round "8.1"]
[White "Safarli, Eltaj"]
[Black "Velten, Paul"]
[Result "1-0"]
[ECO "C67"]
[WhiteElo "2624"]
[BlackElo "2507"]
[Annotator "ChessBase"]
[PlyCount "107"]
[EventDate "2019.05.18"]
[EventType "team-tourn"]
[EventCountry "FRA"]
[SourceTitle "playchess.com"]
[Source "ChessBase"]
[SourceQuality "1"]
[TimeControl "40/5400+30:1800+30"]

1. e4 e5 2. Nf3 Nc6 3. Bb5 Nf6 4. O-O Nxe4 5. d4 Nd6 6. dxe5 Nxb5 7. a4 d6 8. e6 fxe6 9. axb5 Ne7 10. Nc3 Ng6 11. Qd4 a6 12. Bg5 Be7 13. Bxe7 Qxe7 14. Rfe1 O-O 15. b6 c5 16. Qd2 Qd8 17. Nb5 Qxb6 18. Nxd6 Qxb2 19. Ne4 Qb6 20. Rad1 Qc7 21. Qe3 b6 22. Nd6 Rd8 23. Qe4 Rb8 24. Nxc8 Rxd1 25. Rxd1 Qxc8 26. h4 Nf8 27. h5 Qc7 28. h6 gxh6 29. Ne5 Re8 30. Rd3 Re7 31. Rf3 Rg7 32. Ng4 Rg6 33. Nf6+ Kh8 34. Ne8 Qe7 35. Qe5+ Kg8 36. Nf6+ Rxf6 37. Rxf6 Qg7 38. Qf4 b5 39. Rxh6 Ng6 40. Qe3 Qe7 41. Rh5 e5 42. Qe4 Qa7 43. Rh3 c4 44. Qc6 Kg7 45. Rf3 Nf4 46. g3 Ng6 47. Rf6 Qe7 48. Rd6 Kh6 49. Rd7 Qa3 50. Qh1+ Kg5 51. Qe4 Kh6 52. Kg2 a5 53. Qf5 Qc3 54. Rf7 1-0

[Event "FRA-chT Top 12 2019"]
[Site "Brest"]
[Date "2019.05.25"]
[Round "8.1"]
[White "Solodovnichenko, Yuri"]
[Black "Gukesh D"]
[Result "0-1"]
[ECO "B24"]
[WhiteElo "2572"]
[BlackElo "2533"]
[Annotator "ChessBase"]
[PlyCount "48"]
[EventDate "2019.05.18"]
[EventType "team-tourn"]
[EventCountry "FRA"]
[SourceTitle "playchess.com"]
[Source "ChessBase"]
[SourceQuality "1"]
[TimeControl "40/5400+30:1800+30"]

1. e4 c5 2. Nc3 Nc6 3. Nf3 e5 4. Bc4 Be7 5. d3 d6 6. O-O Nf6 7. Ng5 O-O 8. f4 exf4 9. Bxf4 h6 10. Nf3 Be6 11. Nd5 Bxd5 12. exd5 Na5 13. Qd2 Nxc4 14. dxc4 Qd7 15. Qd3 Rae8 16. h3 Bd8 17. Nd2 Nh5 18. Bh2 f5 19. Rae1 Bg5 20. Nb3 Rxe1 21. Rxe1 Re8 22. Rxe8+ Qxe8 23. Bxd6 Qe1+ 24. Kh2 Be3 0-1

[Event "FRA-chT Top 12 2019"]
[Site "Brest"]
[Date "2019.05.25"]
[Round "8.1"]
[White "Fedorov, Alexei"]
[Black "Wirig, Anthony"]
[Result "1-0"]
[ECO "B20"]
[WhiteElo "2566"]
[BlackElo "2516"]
[Annotator "ChessBase"]
[PlyCount "107"]
[EventDate "2019.05.18"]
[EventType "team-tourn"]
[EventCountry "FRA"]
[SourceTitle "playchess.com"]
[Source "ChessBase"]
[SourceQuality "1"]
[TimeControl "40/5400+30:1800+30"]

1. e4 c5 2. d3 d5 3. Be2 e6 4. f4 Nc6 5. Nf3 Nf6 6. e5 Ng4 7. c4 Nh6 8. Be3 f6 9. O-O Nf5 10. Bf2 d4 11. exf6 gxf6 12. Nh4 Bd6 13. Nxf5 exf5 14. Bh5+ Kd7 15. Be1 b6 16. b4 Bb7 17. bxc5 Bxc5 18. Nd2 Rg8 19. Bf3 Kc7 20. Nb3 Qd6 21. Rb1 Rae8 22. Bd2 a6 23. Nxc5 Qxc5 24. Qa4 Re3 25. Bxe3 dxe3 26. Rfe1 Rg7 27. Kh1 Re7 28. Rb2 Nd4 29. Bxb7 Kxb7 30. Reb1 Re6 31. Qd7+ Ka8 32. Qd5+ Qxd5 33. cxd5 Re7 34. Rxb6 Ka7 35. R6b2 e2 36. Re1 Rd7 37. Kg1 Rxd5 38. Kf2 h5 39. Rc1 Rd7 40. Rb4 a5 41. Rbc4 Ka6 42. h4 Rd8 43. g3 Kb6 44. Rc8 Rd6 45. Rb1+ Ka7 46. Re1 Kb6 47. Rh8 Kb5 48. Rxh5 Kb4 49. Rh8 Kc3 50. Re8 a4 51. Ra8 Kxd3 52. Rxa4 Nb5 53. Rxe2 Nc3 54. Ra3 1-0

[Event "FRA-chT Top 12 2019"]
[Site "Brest"]
[Date "2019.05.25"]
[Round "8.1"]
[White "Villegas, Pierre"]
[Black "Heimann, Andreas"]
[Result "0-1"]
[ECO "D31"]
[WhiteElo "2354"]
[BlackElo "2627"]
[Annotator "ChessBase"]
[PlyCount "84"]
[EventDate "2019.05.18"]
[EventType "team-tourn"]
[EventCountry "FRA"]
[SourceTitle "playchess.com"]
[Source "ChessBase"]
[SourceQuality "1"]
[TimeControl "40/5400+30:1800+30"]

1. d4 d5 2. c4 e6 3. Nc3 Bb4 4. e3 Nf6 5. a3 Bxc3+ 6. bxc3 c6 7. a4 O-O 8. Ba3 Re8 9. Nf3 b6 10. cxd5 exd5 11. Nd2 Ba6 12. Bxa6 Nxa6 13. Qe2 Nc7 14. O-O Ne6 15. Qd3 Qc7 16. f3 c5 17. Bb2 Rac8 18. Rf2 g6 19. Nf1 Qd7 20. Nd2 a5 21. Qb1 Qc7 22. Ra3 Qc6 23. Qf1 Ng7 24. c4 cxd4 25. Bxd4 Nf5 26. Bxf6 Qxf6 27. e4 Qe7 28. Qa1 Nd4 29. Rd3 Nc2 30. Qb2 Nb4 31. Rxd5 Nxd5 32. cxd5 Qb4 33. Nf1 Qxa4 34. Qxb6 Rc1 35. h4 Qb4 36. Qa7 a4 37. Kh2 a3 38. Ng3 Qc5 39. Qa4 Rb8 40. Ra2 Qe7 41. Kh3 Rbb1 42. e5 Qxe5 0-1

[Event "FRA-chT Top 12 2019"]
[Site "Brest"]
[Date "2019.05.25"]
[Round "8.2"]
[White "Tabatabaei, M.amin"]
[Black "Donchenko, Alexander"]
[Result "1/2-1/2"]
[ECO "B51"]
[WhiteElo "2610"]
[BlackElo "2595"]
[Annotator "ChessBase"]
[PlyCount "62"]
[EventDate "2019.05.18"]
[EventType "team-tourn"]
[EventCountry "FRA"]
[SourceTitle "playchess.com"]
[Source "ChessBase"]
[SourceQuality "1"]
[TimeControl "40/5400+30:1800+30"]

1. e4 c5 2. Nf3 d6 3. Bb5+ Nd7 4. d4 cxd4 5. Qxd4 a6 6. Bxd7+ Bxd7 7. Nc3 e5 8. Qd3 Rc8 9. O-O h6 10. Nd2 Be6 11. Rd1 Nf6 12. Nf1 Be7 13. Ne3 O-O 14. a4 Qc7 15. a5 Rfd8 16. Qe2 Qd7 17. Qf3 Bg4 18. Nxg4 Qxg4 19. Qxg4 Nxg4 20. Nd5 Kf8 21. c3 Nf6 22. Nb6 Rc6 23. f3 d5 24. Nxd5 Nxd5 25. exd5 Rc5 26. Be3 Rcxd5 27. Rxd5 Rxd5 28. Kf2 f5 29. Ke2 h5 30. b4 Kf7 31. Rb1 Bd8 1/2-1/2

[Event "FRA-chT Top 12 2019"]
[Site "Brest"]
[Date "2019.05.25"]
[Round "8.2"]
[White "Nihal Sarin"]
[Black "Efimov, Igor"]
[Result "1-0"]
[ECO "A85"]
[WhiteElo "2598"]
[BlackElo "2439"]
[Annotator "ChessBase"]
[PlyCount "63"]
[EventDate "2019.05.18"]
[EventType "team-tourn"]
[EventCountry "FRA"]
[SourceTitle "playchess.com"]
[Source "ChessBase"]
[SourceQuality "1"]
[TimeControl "40/5400+30:1800+30"]

1. d4 f5 2. c4 Nf6 3. Nc3 g6 4. h4 Bg7 5. h5 Nxh5 6. e4 Nf6 7. e5 Ng8 8. Nf3 d6 9. Bf4 dxe5 10. Bxe5 Nf6 11. Nd5 Na6 12. Nf4 e6 13. c5 Nb4 14. Qa4+ Nc6 15. Bb5 Bd7 16. Ng5 Nxe5 17. Ngxe6 Bxb5 18. Qxb5+ Qd7 19. Nxc7+ Ke7 20. dxe5 Ne4 21. Qxd7+ Kxd7 22. Nxa8 Bxe5 23. O-O-O+ Kc8 24. Nd3 Bf6 25. f3 Ng3 26. Rhe1 Kb8 27. Re6 Bh4 28. Rde1 Rd8 29. Re8 Kc8 30. Rxd8+ Bxd8 31. Re8 Kd7 32. Rh8 1-0

[Event "FRA-chT Top 12 2019"]
[Site "Brest"]
[Date "2019.05.25"]
[Round "8.2"]
[White "Oleksiyenko, Mykhaylo"]
[Black "Miezis, Normunds"]
[Result "1/2-1/2"]
[ECO "B41"]
[WhiteElo "2595"]
[BlackElo "2456"]
[Annotator "ChessBase"]
[PlyCount "108"]
[EventDate "2019.05.18"]
[EventType "team-tourn"]
[EventCountry "FRA"]
[SourceTitle "playchess.com"]
[Source "ChessBase"]
[SourceQuality "1"]
[TimeControl "40/5400+30:1800+30"]

1. e4 c5 2. Nf3 e6 3. d4 cxd4 4. Nxd4 a6 5. c4 Nf6 6. Nc3 Bb4 7. Qd3 O-O 8. e5 Ne8 9. Bf4 d6 10. exd6 Bxd6 11. Bxd6 Qxd6 12. O-O-O Nd7 13. Nc2 Qxd3 14. Bxd3 Nc5 15. Be2 a5 16. f4 Bd7 17. Ne4 Nxe4 18. Rxd7 Nc5 19. Rd4 Nf6 20. Rhd1 Nfe4 21. Bf3 f5 22. Ne3 g5 23. Bxe4 Nxe4 24. fxg5 Nxg5 25. Rd7 Rab8 26. Rc7 Rf7 27. Rdd7 Rxd7 28. Rxd7 h5 29. Kc2 Ne4 30. Re7 Nc5 31. b3 Rd8 32. a3 f4 33. Nf1 Rd4 34. Nd2 b6 35. b4 axb4 36. axb4 Kf8 37. Rh7 Ne4 38. Nxe4 Rxe4 39. Kd3 Re3+ 40. Kd4 Re2 41. Rxh5 Rxg2 42. Rh4 Ke7 43. Rxf4 Rxh2 44. c5 Rh5 45. Kc4 bxc5 46. bxc5 Rh1 47. Kb5 Rb1+ 48. Kc6 e5 49. Rh4 Ke6 50. Rh6+ Kf5 51. Kd7 e4 52. c6 e3 53. c7 Rb7 54. Rh1 Ke5 1/2-1/2

[Event "FRA-chT Top 12 2019"]
[Site "Brest"]
[Date "2019.05.25"]
[Round "8.2"]
[White "Brochet, Philippe"]
[Black "Fedorchuk, Sergey A."]
[Result "0-1"]
[ECO "B23"]
[WhiteElo "2400"]
[BlackElo "2620"]
[Annotator "ChessBase"]
[PlyCount "56"]
[EventDate "2019.05.18"]
[EventType "team-tourn"]
[EventCountry "FRA"]
[SourceTitle "playchess.com"]
[Source "ChessBase"]
[SourceQuality "1"]
[TimeControl "40/5400+30:1800+30"]

1. e4 c5 2. Nc3 e6 3. Nf3 Nc6 4. Bb5 Na5 5. O-O a6 6. Be2 Qc7 7. b3 b5 8. Bb2 Bb7 9. d4 Nf6 10. e5 Nd5 11. a3 Nf4 12. Qd2 cxd4 13. Qxf4 dxc3 14. Ng5 f5 15. Bc1 Nc6 16. Re1 g6 17. Qg3 Bg7 18. f4 Ne7 19. Be3 Be4 20. b4 Nd5 21. Nxe4 fxe4 22. Rad1 O-O 23. h4 Bh6 24. Rf1 Nxe3 25. Qxe3 Qxe5 26. Rxd7 Bxf4 27. Qd4 Qxd4+ 28. Rxd4 Be3+ 0-1

[Event "FRA-chT Top 12 2019"]
[Site "Brest"]
[Date "2019.05.25"]
[Round "8.3"]
[White "Balogh, Csaba"]
[Black "Cossin, Sebastien"]
[Result "1-0"]
[ECO "B42"]
[WhiteElo "2598"]
[BlackElo "2494"]
[Annotator "ChessBase"]
[PlyCount "105"]
[EventDate "2019.05.18"]
[EventType "team-tourn"]
[EventCountry "FRA"]
[SourceTitle "playchess.com"]
[Source "ChessBase"]
[SourceQuality "1"]
[TimeControl "40/5400+30:1800+30"]

1. e4 c5 2. Nf3 e6 3. d4 cxd4 4. Nxd4 a6 5. Bd3 Bc5 6. Nb3 Ba7 7. O-O Nc6 8. c4 d6 9. Nc3 Nf6 10. Qe2 O-O 11. Be3 Bxe3 12. Qxe3 e5 13. Rfd1 Be6 14. Rd2 Qb8 15. Rad1 Rd8 16. Bf1 h6 17. h3 b5 18. Nd5 Bxd5 19. cxd5 Ne7 20. Rc2 a5 21. Rdc1 Rd7 22. Nd2 Rb7 23. b3 b4 24. Nc4 a4 25. g3 axb3 26. axb3 Qd8 27. Kh2 Ng6 28. Nb2 Kh7 29. Na4 h5 30. Qf3 h4 31. Qf5 Ng8 32. Rc8 Rxc8 33. Rxc8 Qe7 34. Rc6 Nh6 35. Qf3 Qd8 36. Qe3 Ne7 37. Rb6 Rc7 38. g4 g6 39. Qg5 Rc2 40. Qf6 Qc7 41. Kg1 Ra2 42. g5 Nhg8 43. Qxf7+ Kh8 44. Rc6 Qb8 45. Rc1 Qa7 46. Qf3 Qd4 47. Qe3 Qxe3 48. fxe3 Ra3 49. Bc4 Nc8 50. Rc2 Kg7 51. Kf2 Ra1 52. Be2 Nce7 53. Rc4 1-0

[Event "FRA-chT Top 12 2019"]
[Site "Brest"]
[Date "2019.05.25"]
[Round "8.3"]
[White "Cornette, Deimante"]
[Black "Smith, Axel"]
[Result "1-0"]
[ECO "C48"]
[WhiteElo "2433"]
[BlackElo "2481"]
[Annotator "ChessBase"]
[PlyCount "49"]
[EventDate "2019.05.18"]
[EventType "team-tourn"]
[EventCountry "FRA"]
[SourceTitle "playchess.com"]
[Source "ChessBase"]
[SourceQuality "1"]
[TimeControl "40/5400+30:1800+30"]

1. e4 e5 2. Nf3 Nc6 3. Nc3 Nf6 4. Bb5 Bc5 5. O-O O-O 6. Nxe5 Nxe5 7. d4 Bd6 8. dxe5 Bxe5 9. Bd3 Re8 10. Bg5 c6 11. Kh1 Qa5 12. f4 Bxc3 13. e5 Bxe5 14. fxe5 Rxe5 15. Bxf6 gxf6 16. Qg4+ Rg5 17. Qh4 h5 18. Rxf6 Qe5 19. Qf2 d6 20. Rxf7 Be6 21. Rf1 Bd5 22. Rf8+ Kg7 23. Qf7+ Bxf7 24. R1xf7+ Kh6 25. Rh7# 1-0

[Event "FRA-chT Top 12 2019"]
[Site "Brest"]
[Date "2019.05.25"]
[Round "8.3"]
[White "Brunner, Nicolas"]
[Black "Karthikeyan, Murali"]
[Result "0-1"]
[ECO "E91"]
[WhiteElo "2422"]
[BlackElo "2596"]
[Annotator "ChessBase"]
[PlyCount "80"]
[EventDate "2019.05.18"]
[EventType "team-tourn"]
[EventCountry "FRA"]
[SourceTitle "playchess.com"]
[Source "ChessBase"]
[SourceQuality "1"]
[TimeControl "40/5400+30:1800+30"]

1. d4 Nf6 2. c4 g6 3. Nc3 Bg7 4. e4 d6 5. Nf3 O-O 6. Be2 Nbd7 7. O-O e5 8. Be3 c6 9. d5 c5 10. Ne1 Ne8 11. g4 f5 12. gxf5 gxf5 13. exf5 Nb6 14. Kh1 Bxf5 15. Rg1 e4 16. Qd2 Kh8 17. Ng2 Be5 18. Bg5 Qd7 19. Ne3 Nf6 20. Nxf5 Qxf5 21. Rg2 Rg8 22. Rag1 Nbd7 23. Bd1 Rg6 24. Bc2 Rag8 25. Qe3 Bd4 26. Qd2 Ne5 27. Bxf6+ Qxf6 28. Rxg6 Rxg6 29. Rxg6 hxg6 30. Bxe4 Ng4 31. Nd1 Bxf2 32. Qc3 Bd4 33. Qf3 Qg5 34. Qf8+ Kh7 35. Qxd6 Ne5 36. Bg2 Qh4 37. Qf8 Ng4 38. Qf7+ Bg7 39. Qf4 Qe1+ 40. Qf1 Qxd1 0-1

[Event "FRA-chT Top 12 2019"]
[Site "Brest"]
[Date "2019.05.25"]
[Round "8.3"]
[White "Charmeteau, Sven"]
[Black "Hera, Imre Jr."]
[Result "0-1"]
[ECO "B15"]
[WhiteElo "2292"]
[BlackElo "2611"]
[Annotator "ChessBase"]
[PlyCount "50"]
[EventDate "2019.05.18"]
[EventType "team-tourn"]
[EventCountry "FRA"]
[SourceTitle "playchess.com"]
[Source "ChessBase"]
[SourceQuality "1"]
[TimeControl "40/5400+30:1800+30"]

1. e4 c6 2. d4 d5 3. Nd2 dxe4 4. Nxe4 Nf6 5. Nxf6+ exf6 6. c3 Bd6 7. Bd3 O-O 8. Ne2 Re8 9. Qc2 h5 10. Be3 Nd7 11. Ng3 Nb6 12. c4 Bf4 13. O-O-O Bxe3+ 14. fxe3 h4 15. Nf5 Bxf5 16. Bxf5 Rxe3 17. Bh7+ Kf8 18. Qf2 Nxc4 19. b3 Rc3+ 20. Kb1 Ne3 21. Kb2 Nxd1+ 22. Rxd1 Rc5 23. Qxh4 f5 24. Qh3 Qf6 25. Bg6 Rd8 0-1

[Event "FRA-chT Top 12 2019"]
[Site "Brest"]
[Date "2019.05.25"]
[Round "8.4"]
[White "Movsesian, Sergei"]
[Black "Wagner, Dennis"]
[Result "0-1"]
[ECO "C50"]
[WhiteElo "2645"]
[BlackElo "2578"]
[Annotator "RC"]
[PlyCount "112"]
[EventDate "2019.05.18"]
[EventType "team-tourn"]
[EventCountry "FRA"]
[SourceTitle "playchess.com"]
[Source "ChessBase"]
[SourceQuality "1"]
[TimeControl "40/5400+30:1800+30"]

1. e4 e5 2. Nf3 Nc6 3. Bc4 Bc5 4. O-O Nf6 5. d3 a6 6. c3 d6 7. a4 h6 8. Nbd2 O-O 9. Re1 Ne7 10. Nf1 Ng6 11. Ng3 c6 12. Bb3 Bg4 13. h3 Qb6 14. Be3 Bxf3 15. gxf3 Bxe3 16. fxe3 a5 17. Nf5 d5 18. Kh2 Rad8 19. Rg1 Kh8 20. Qc2 Rd7 21. Rg2 Ne7 22. Nxe7 Rxe7 23. Re1 Nh5 24. Ba2 f5 25. Qf2 fxe4 26. Qh4 Nf6 27. fxe4 dxe4 28. dxe4 Qd8 29. Reg1 Rd7 30. Be6 Rd2 31. Bf5 Rxg2+ 32. Rxg2 Qe7 33. Qg3 Rd8 34. Qg6 Rd3 35. Qg3 Rd6 36. Qg6 Rd3 37. Qg3 Qc7 38. Be6 Nxe4 39. Qg6 Nf6 40. e4 Qe7 41. Bf5 Rd8 42. Qg3 Rd6 43. Qg6 Rd3 44. Kh1 Rd6 45. Kh2 Kg8 46. Kh1 Kf8 47. Rf2 Rd3 48. Bg4 Kg8 49. Be2 Rxh3+ 50. Kg2 Rh4 51. Bc4+ Kf8 52. Qh7 Ke8 53. Qf5 Kd8 54. Re2 Rg4+ 55. Kh2 Rf4 56. Qg6 Rh4+ 0-1

[Event "FRA-chT Top 12 2019"]
[Site "Brest"]
[Date "2019.05.25"]
[Round "8.4"]
[White "Istratescu, Andrei"]
[Black "Leconte, Maria"]
[Result "1/2-1/2"]
[ECO "D30"]
[WhiteElo "2555"]
[BlackElo "2246"]
[Annotator "ChessBase"]
[PlyCount "123"]
[EventDate "2019.05.18"]
[EventType "team-tourn"]
[EventCountry "FRA"]
[SourceTitle "playchess.com"]
[Source "ChessBase"]
[SourceQuality "1"]
[TimeControl "40/5400+30:1800+30"]

1. d4 d5 2. c4 e6 3. Nf3 c5 4. cxd5 exd5 5. Bg5 Be7 6. Bxe7 Nxe7 7. dxc5 Qa5+ 8. Qd2 Qxc5 9. Qc3 Na6 10. e3 Qxc3+ 11. Nxc3 Nc7 12. Rc1 Bd7 13. Kd2 O-O 14. Bd3 Ne6 15. Ne2 Nc6 16. Bb5 Nb8 17. Ned4 Bxb5 18. Nxb5 Nc6 19. Rc3 Rfd8 20. Nbd4 Nexd4 21. Nxd4 Nxd4 22. exd4 Rd7 23. Re1 Kf8 24. Re5 f6 25. Rh5 h6 26. Rc5 Rad8 27. Rh3 Re8 28. Re3 Rxe3 29. Kxe3 Kf7 30. h4 Ke6 31. f3 h5 32. Kf4 g5+ 33. Kg3 Rg7 34. hxg5 fxg5 35. Rc8 Rf7 36. Re8+ Re7 37. Rh8 Kf5 38. Rxh5 Re2 39. b3 Rxa2 40. Rh7 Rd2 41. Rf7+ Kg6 42. Rxb7 Rxd4 43. Rxa7 Rb4 44. Ra3 Kf5 45. Kf2 d4 46. Ke2 Kf4 47. Kf2 Rb5 48. g3+ Kf5 49. g4+ Ke5 50. Ke2 Kf4 51. Kd3 Kxf3 52. Kxd4 Kxg4 53. Kc4 Rb8 54. b4 Kf4 55. b5 g4 56. Kc5 g3 57. Ra1 g2 58. Rg1 Kf3 59. b6 Kf2 60. Rxg2+ Kxg2 61. Kc6 Rxb6+ 62. Kxb6 1/2-1/2

[Event "FRA-chT Top 12 2019"]
[Site "Brest"]
[Date "2019.05.25"]
[Round "8.4"]
[White "Santos Ruiz, Miguel"]
[Black "Vallin, Guillaume"]
[Result "1-0"]
[ECO "A04"]
[WhiteElo "2549"]
[BlackElo "2389"]
[Annotator "ChessBase"]
[PlyCount "123"]
[EventDate "2019.05.18"]
[EventType "team-tourn"]
[EventCountry "FRA"]
[SourceTitle "playchess.com"]
[Source "ChessBase"]
[SourceQuality "1"]
[TimeControl "40/5400+30:1800+30"]

1. Nf3 e6 2. c4 Nf6 3. Nc3 d5 4. e3 Be7 5. b3 O-O 6. Bb2 b6 7. cxd5 exd5 8. d4 Bb7 9. Bd3 Nbd7 10. O-O Ne4 11. Rc1 Nxc3 12. Rxc3 Bd6 13. Qc1 Rc8 14. Ba3 Qe7 15. Bxd6 Qxd6 16. Bf5 g6 17. Bxd7 Qxd7 18. Ne5 Qd6 19. Nc6 a6 20. Qc2 Rfe8 21. Rc1 Kg7 22. b4 Bxc6 23. Rxc6 Qxb4 24. Rxc7 Rxc7 25. Qxc7 Qd2 26. Qc2 Qxc2 27. Rxc2 Re6 28. Kf1 Kf6 29. Ke2 Rd6 30. Rc7 Ke6 31. Ra7 b5 32. Kd3 Rc6 33. a3 h5 34. f3 f6 35. h4 f5 36. e4 fxe4+ 37. fxe4 dxe4+ 38. Kxe4 Rb6 39. g3 Kf6 40. Kd5 Kf5 41. Kc5 Re6 42. d5 Re3 43. Rf7+ Kg4 44. Rf4+ Kxg3 45. Rd4 Rxa3 46. d6 Rf3 47. d7 Rf8 48. d8=Q Rxd8 49. Rxd8 Kxh4 50. Kd4 g5 51. Ke3 Kg3 52. Rd5 Kg4 53. Re5 h4 54. Kf2 Kf4 55. Re6 a5 56. Ra6 g4 57. Rxa5 g3+ 58. Kg2 Kg4 59. Rxb5 h3+ 60. Kg1 Kf3 61. Rf5+ Kg4 62. Rf8 1-0

[Event "FRA-chT Top 12 2019"]
[Site "Brest"]
[Date "2019.05.25"]
[Round "8.4"]
[White "Chabanon, Jean-Luc"]
[Black "Malakhov, Vladimir"]
[Result "0-1"]
[ECO "D10"]
[WhiteElo "2437"]
[BlackElo "2660"]
[Annotator "RC"]
[PlyCount "102"]
[EventDate "2019.05.18"]
[EventType "team-tourn"]
[EventCountry "FRA"]
[SourceTitle "playchess.com"]
[Source "ChessBase"]
[SourceQuality "1"]
[TimeControl "40/5400+30:1800+30"]

1. d4 d5 2. c4 c6 3. Nc3 Nf6 4. e3 g6 5. Nf3 Bg7 6. Bd3 O-O 7. O-O e6 8. e4 dxe4 9. Nxe4 Nxe4 10. Bxe4 Nd7 11. Bf4 Re8 12. Re1 c5 13. d5 e5 14. Bg5 f6 15. Bh4 Nb6 16. b4 Qd6 17. Rc1 Bg4 18. bxc5 Qxc5 19. d6 Rad8 20. Bxb7 Rxd6 21. Qb3 Be6 22. Qb5 Qxb5 23. cxb5 g5 24. Bg3 h5 25. h4 g4 26. Nh2 Bxa2 27. Rc7 Red8 28. f4 Rd1 29. Rxd1 Rxd1+ 30. Kf2 Nd5 31. Rc8+ Kf7 32. Rc2 Bb3 33. Bxd5+ Bxd5 34. Nf1 Rb1 35. Ne3 Be4 36. Ra2 Kg8 37. fxe5 fxe5 38. Rxa7 Rb2+ 39. Ke1 Rxb5 40. Nc4 Bxg2 41. Rc7 Bf6 42. Kf2 Bf3 43. Rf7 Kxf7 44. Nd6+ Ke6 45. Nxb5 Bd8 46. Na3 Kd5 47. Nc2 Bb6+ 48. Kf1 Be4 49. Ne1 Be3 50. Ke2 Bf4 51. Bf2 Ke6 0-1

[Event "FRA-chT Top 12 2019"]
[Site "Brest"]
[Date "2019.05.25"]
[Round "8.4"]
[White "Lamard, Guillaume"]
[Black "Hamitevici, Vladimir"]
[Result "0-1"]
[ECO "B15"]
[WhiteElo "2405"]
[BlackElo "2476"]
[Annotator "ChessBase"]
[PlyCount "100"]
[EventDate "2019.05.18"]
[EventType "team-tourn"]
[EventCountry "FRA"]
[SourceTitle "playchess.com"]
[Source "ChessBase"]
[SourceQuality "1"]
[TimeControl "40/5400+30:1800+30"]

1. e4 c6 2. d4 d5 3. Nd2 dxe4 4. Nxe4 Nf6 5. Nxf6+ exf6 6. c3 Bd6 7. Bd3 O-O 8. Ne2 Re8 9. O-O Qc7 10. Ng3 Nd7 11. Nf5 Nf8 12. Nxd6 Qxd6 13. a4 Be6 14. Be3 Ng6 15. Qf3 Qd7 16. Rfe1 Bg4 17. Qg3 Bf5 18. Be2 a5 19. h4 Ne7 20. h5 Be4 21. h6 Nf5 22. Bg4 g6 23. Qh2 Qd5 24. Bd2 c5 25. Bxf5 Qxf5 26. dxc5 Qxc5 27. Be3 Qe5 28. Bd4 Qxh2+ 29. Kxh2 f5 30. b4 Re6 31. Bg7 Bc2 32. Rec1 Be4 33. f3 Bc6 34. b5 Be8 35. Re1 Rc8 36. Rad1 g5 37. Kg3 Bd7 38. Rxd7 Rxe1 39. Rxb7 Re6 40. Ra7 f6 41. Rxa5 Kf7 42. Ra7+ Kg6 43. Rd7 Rxc3 44. a5 Rc2 45. b6 Ree2 46. Kh2 Rxg2+ 47. Kh1 Rh2+ 48. Kg1 Rcg2+ 49. Kf1 Ra2 50. Kg1 Rhb2 0-1

[Event "FRA-chT Top 12 2019"]
[Site "Brest"]
[Date "2019.05.25"]
[Round "8.5"]
[White "Feller, Sebastien"]
[Black "Marcelin, Cyril"]
[Result "1-0"]
[ECO "D31"]
[WhiteElo "2587"]
[BlackElo "2451"]
[Annotator "ChessBase"]
[PlyCount "83"]
[EventDate "2019.05.18"]
[EventType "team-tourn"]
[EventCountry "FRA"]
[SourceTitle "playchess.com"]
[Source "ChessBase"]
[SourceQuality "1"]
[TimeControl "40/5400+30:1800+30"]

1. d4 d5 2. c4 e6 3. Nc3 a6 4. cxd5 exd5 5. Qb3 Nc6 6. Nf3 Bb4 7. a3 Ba5 8. Bg5 Nge7 9. h3 O-O 10. e3 Bf5 11. Be2 Qd7 12. Bf4 Ng6 13. Bh2 Nce7 14. O-O c6 15. Na4 Ra7 16. Nc5 Qc8 17. Qd1 Bc7 18. b4 Bxh2+ 19. Nxh2 Qc7 20. a4 Rfa8 21. Rc1 Nf8 22. g4 Bd7 23. f4 Re8 24. Rf2 Nc8 25. Nf1 Nd6 26. a5 Ne4 27. Nxe4 Rxe4 28. Bf3 Re7 29. Bxd5 Qd6 30. Bg2 Qxb4 31. Qd2 Qxd2 32. Rxd2 f5 33. gxf5 Bxf5 34. d5 cxd5 35. Rxd5 Bd7 36. Rd6 Kf7 37. Rb6 Be6 38. Nd2 Ke8 39. Ne4 Kd8 40. Nd6 Rc7 41. Rxc7 Kxc7 42. Ne8+ 1-0

[Event "FRA-chT Top 12 2019"]
[Site "Brest"]
[Date "2019.05.25"]
[Round "8.5"]
[White "Barseghyan, Harutyun"]
[Black "Gozzoli, Yannick"]
[Result "1/2-1/2"]
[ECO "D85"]
[WhiteElo "2470"]
[BlackElo "2622"]
[Annotator "ChessBase"]
[PlyCount "25"]
[EventDate "2019.05.18"]
[EventType "team-tourn"]
[EventCountry "FRA"]
[SourceTitle "playchess.com"]
[Source "ChessBase"]
[SourceQuality "1"]
[TimeControl "40/5400+30:1800+30"]

1. d4 Nf6 2. c4 g6 3. Nc3 d5 4. cxd5 Nxd5 5. e4 Nxc3 6. bxc3 Bg7 7. Be3 c5 8. Nf3 Qa5 9. Qd2 O-O 10. Rb1 Nd7 11. Bd3 b6 12. O-O Ba6 13. Bxa6 1/2-1/2

[Event "FRA-chT Top 12 2019"]
[Site "Brest"]
[Date "2019.05.25"]
[Round "8.5"]
[White "Philippe, Christophe"]
[Black "Delabaca, Romuald"]
[Result "1/2-1/2"]
[ECO "A46"]
[WhiteElo "2378"]
[BlackElo "2360"]
[Annotator "NA"]
[PlyCount "99"]
[EventDate "2019.05.18"]
[EventType "team-tourn"]
[EventCountry "FRA"]
[SourceTitle "playchess.com"]
[Source "ChessBase"]
[SourceQuality "1"]
[TimeControl "40/5400+30:1800+30"]

1. d4 Nf6 2. Nf3 e6 3. Bg5 c5 4. e3 cxd4 5. exd4 Be7 6. Bd3 b6 7. O-O Bb7 8. Nbd2 O-O 9. Re1 d6 10. Nf1 Nbd7 11. Ng3 Re8 12. c4 d5 13. cxd5 Nxd5 14. Bxe7 Rxe7 15. Qd2 Re8 16. Rad1 Qc7 17. Ne5 N7f6 18. Qg5 h6 19. Qh4 Qe7 20. a3 Nd7 21. Qxe7 Rxe7 22. Rc1 N7f6 23. Ne2 a6 24. g3 Ree8 25. f3 Rac8 26. Kf2 Red8 27. h4 Kf8 28. g4 Rxc1 29. Rxc1 Rc8 30. Rg1 Ke7 31. g5 hxg5 32. hxg5 Nd7 33. Rh1 Nxe5 34. dxe5 g6 35. Rh7 Rg8 36. Be4 Ba8 37. Nd4 Kf8 38. Kg3 Ke7 39. Ne2 Bc6 40. Nd4 Ba8 41. Kf2 Bb7 42. Nc2 Ba8 43. Kg3 Bc6 44. Ne1 Ba8 45. Ng2 Bc6 46. b4 Ba8 47. Nh4 Kf8 48. Ng2 Ke7 49. Nh4 Kf8 50. Ng2 1/2-1/2

[Event "FRA-chT Top 12 2019"]
[Site "Brest"]
[Date "2019.05.25"]
[Round "8.5"]
[White "Payen, Arnaud"]
[Black "Apicella, Manuel"]
[Result "1/2-1/2"]
[ECO "E68"]
[WhiteElo "2358"]
[BlackElo "2502"]
[Annotator "ChessBase"]
[PlyCount "31"]
[EventDate "2019.05.18"]
[EventType "team-tourn"]
[EventCountry "FRA"]
[SourceTitle "playchess.com"]
[Source "ChessBase"]
[SourceQuality "1"]
[TimeControl "40/5400+30:1800+30"]

1. d4 Nf6 2. c4 g6 3. g3 Bg7 4. Bg2 O-O 5. Nf3 d6 6. O-O Nbd7 7. Nc3 e5 8. e4 c6 9. Be3 exd4 10. Nxd4 Re8 11. h3 a5 12. Qc2 Nc5 13. Nb3 Ne6 14. Na4 Nd7 15. Rad1 Qe7 16. f4 1/2-1/2

[Event "FRA-chT Top 12 2019"]
[Site "Brest"]
[Date "2019.05.25"]
[Round "8.5"]
[White "Ribbegren, Karl Johan"]
[Black "Sokolov, Andrei"]
[Result "1/2-1/2"]
[ECO "A13"]
[WhiteElo "2209"]
[BlackElo "2496"]
[Annotator "ChessBase"]
[PlyCount "53"]
[EventDate "2019.05.18"]
[EventType "team-tourn"]
[EventCountry "FRA"]
[SourceTitle "playchess.com"]
[Source "ChessBase"]
[SourceQuality "1"]
[TimeControl "40/5400+30:1800+30"]

1. c4 Nf6 2. g3 e6 3. Bg2 d5 4. Nf3 dxc4 5. Qc2 Nbd7 6. Na3 Nd5 7. Nxc4 Be7 8. O-O O-O 9. b3 c5 10. Bb2 b6 11. Rad1 Bb7 12. d4 b5 13. Nce5 Nxe5 14. Nxe5 Rc8 15. dxc5 Rxc5 16. Qd2 Qc7 17. Rc1 Rd8 18. Bd4 Nf6 19. Bxb7 Rxd4 20. Qxd4 Rxc1 21. Rxc1 Qxc1+ 22. Kg2 Qc5 23. Qxc5 Bxc5 24. Nd3 Bd6 25. e4 Ng4 26. h3 Ne5 27. Nxe5 1/2-1/2